 Dungeon Crawl Stone Soup version 0.29.0-4-gdea44cf6ec (webtiles) character file.

Game seed: 15778929785786445188

73 qw the Caller (level 4, -2/37 HPs)
             Began as a Ghoul Summoner on Sept 10, 2022.
             Slain by a scorpion (4 damage)
             ... on level 2 of the Dungeon.
             The game lasted 00:00:40 (1866 turns).

qw the Caller (Ghoul Summoner)                      Turns: 1866, Time: 00:00:41

Health: -2/37      AC:  6    Str: 13    XL:     4   Next: 27%
Magic:  5/5        EV:  9    Int: 10    God:
Gold:   110        SH:  0    Dex:  9    Spells: 5/6 levels left

rFire   . . .      SeeInvis .   c - +0 hand axe
rCold   + . .      Faith    .   (no shield)
rNeg    + + +      Spirit   .   f - +0 scale mail
rPois   inf        Reflect  .   (no helmet)
rElec   .          Harm     .   (no cloak)
rCorr   .          Rampage  .   (no gloves)
Will    .....                   (no boots)
Stlth   ..........              (no amulet)
HPRegen 0.00/turn               (no ring)
MPRegen 0.09/turn               (no ring)

@: inhibited regen
A: claws 1, cold resistance 1, negative energy resistance 3, inhibited
regeneration, torment resistance 2, devour on kill
a: no special abilities


You were on level 2 of the Dungeon.
You visited 1 branch of the dungeon, and saw 2 of its levels.

You collected 110 gold pieces.


Innate Abilities, Weirdness & Mutations

You are immune to poison.
You have sharp fingernails.
Your flesh is cold resistant. (rC+)
You are immune to negative energy. (rN+++)
You do not regenerate when monsters are visible.
You are immune to unholy pain and torment.
You thrive by killing the living.


   Skills:
 - Level 2.6 Fighting
 + Level 2.3 Axes
 - Level 1.7 Dodging
 - Level 2.1 Stealth
 - Level 1.7 Spellcasting
 - Level 3.6 Summonings


You had 5 spell levels left.
You knew the following spells:

 Your Spells              Type           Power      Damage    Failure   Level
a - Summon Small Mammal   Summ           32%        N/A       36%         1

Your spell library contained the following spells:

 Spells                   Type           Power      Damage    Failure   Level
 Call Imp                 Summ           8%         N/A       50%         2
 Call Canine Familiar     Summ           8%         N/A       73%         3
 Summon Guardian Golem    Hex/Summ       4%         N/A       93%         3
 Summon Lightning Spire   Summ/Air       4%         N/A       100%        4

Inventory:

Hand Weapons
 c - a +0 hand axe (weapon)
 m - a +0 mace
Missiles
 b - 4 javelins (quivered)
Armour
 f - a +0 scale mail (worn)
 j - a +0 ring mail of fire resistance
Jewellery
 a - an amulet of guardian spirit
Scrolls
 g - a scroll of teleportation {unknown}
 h - 2 scrolls of identify {unknown}
 i - a scroll of immolation {unknown}
 k - a scroll of vulnerability {unknown}
Potions
 d - a potion of attraction {unknown}
 e - a potion of lignification {unknown}
 l - 2 potions of brilliance {unknown}

Dungeon Overview and Level Annotations

Branches:
Dungeon (2/15)

Altars:
Fedhas

Shops:
D:2 =


Message History

The scorpion is moderately wounded.
The scorpion barely misses you. The scorpion stings you.
You hit the scorpion.
The scorpion is moderately wounded.
The scorpion stings you.
You hit the scorpion.
The scorpion is heavily wounded.
The scorpion stings you.
The scorpion stings you but does no damage.
You hit the scorpion but do no damage.
The scorpion is heavily wounded.
The scorpion stings you but does no damage.
You hit the scorpion but do no damage.
The scorpion is heavily wounded.
The scorpion stings you but does no damage.
You hit the scorpion but do no damage.
The scorpion is heavily wounded.
The scorpion closely misses you.
The scorpion stings you but does no damage.
You hit the scorpion but do no damage.
The scorpion is heavily wounded.
The scorpion stings you but does no damage.
You hit the scorpion but do no damage.
The scorpion is heavily wounded.
The scorpion stings you.
You closely miss the scorpion.
The scorpion is heavily wounded.
The scorpion stings you but does no damage.
The scorpion stings you.
You hit the scorpion.
The scorpion is heavily wounded.
The scorpion closely misses you.
You closely miss the scorpion.
The scorpion is heavily wounded.
The scorpion stings you but does no damage.
The scorpion stings you.
You barely miss the scorpion.
The scorpion is heavily wounded.
The scorpion stings you.
You die...

#.....#
##.....# # ##
###..._..######
#.
...<...........
#.
###[....####.%
#. ####........
#. #.#####..
##.##### #.#
##. #.s@...#
#.# ## #.%###.#
#.# # #.. #.#
#.# # #..
#.#####.# # #..
#.......# # #..
######### # #..
# #.. ######
#.....


You could see a scorpion.

Vanquished Creatures
  Jessica (D:2)
  A dart slug (D:1)
  A worm (D:2)
  4 ball pythons (D:1)
  2 bats (D:1)
  2 endoplasms
  A giant cockroach (D:1)
  A goblin (D:2)
  2 hobgoblins
  10 jackals
  A quokka (D:1)
  4 frilled lizards
  3 kobolds
  2 rats (D:2)
35 creatures vanquished.

Vanquished Creatures (collateral kills)
  A goblin (D:1)
  A ball python (D:1)
  2 frilled lizards (D:1)
  A rat (D:1)
5 creatures vanquished.

Grand Total: 40 creatures vanquished

Notes
Turn   | Place    | Note
-------+----------+-------------------------------------------
     0 | D:1      | qw the Ghoul Summoner began the quest for the Orb.
     0 | D:1      | Reached XP level 1. HP: 14/14 MP: 2/2
     0 | D:1      | 0 ||| qw: Version: 0.1-a-116-g5d60599
     0 | D:1      | 0 ||| qw: Game counter: 7691
     0 | D:1      | 0 ||| qw: Always use a shield: true
     0 | D:1      | 0 ||| qw: God list: Okawaru
     0 | D:1      | 0 ||| qw: Allow faded altars: false
     0 | D:1      | 0 ||| qw: Do Orc after D:15 true
     0 | D:1      | 0 ||| qw: Do second Lair branch before Depths: true
     0 | D:1      | 0 ||| qw: Lair rune preference: random
     0 | D:1      | 0 ||| qw: Plans: Normal
     0 | D:1      | 0 ||| PLANNING D:1-11
    13 | D:1      | 13 ||| Wielding weapon +0 hand axe.
    32 | D:1      | 32 ||| CASTING Summon Small Mammal
    33 | D:1      | 33 ||| CASTING Summon Small Mammal
    88 | D:1      | 88 ||| CASTING Summon Small Mammal
    89 | D:1      | 89 ||| CASTING Summon Small Mammal
   116 | D:1      | 116 ||| CASTING Summon Small Mammal
   117 | D:1      | 117 ||| CASTING Summon Small Mammal
   186 | D:1      | 186 ||| CASTING Summon Small Mammal
   187 | D:1      | 187 ||| CASTING Summon Small Mammal
   190 | D:1      | Reached skill level 1 in Axes
   212 | D:1      | 212 ||| CASTING Summon Small Mammal
   213 | D:1      | 213 ||| CASTING Summon Small Mammal
   239 | D:1      | 239 ||| CASTING Summon Small Mammal
   240 | D:1      | 240 ||| CASTING Summon Small Mammal
   268 | D:1      | 268 ||| Stepping ~*~*~tactically~*~*~ (stealth).
   271 | D:1      | Reached skill level 1 in Fighting
   271 | D:1      | Reached XP level 2. HP: 23/23 MP: 3/3
   292 | D:1      | 292 ||| CASTING Summon Small Mammal
   293 | D:1      | 293 ||| CASTING Summon Small Mammal
   294 | D:1      | 294 ||| CASTING Summon Small Mammal
   356 | D:1      | 356 ||| Stepping ~*~*~tactically~*~*~ (stealth).
   359 | D:1      | 359 ||| CASTING Summon Small Mammal
   360 | D:1      | 360 ||| CASTING Summon Small Mammal
   361 | D:1      | 361 ||| CASTING Summon Small Mammal
   371 | D:1      | 371 ||| CASTING Summon Small Mammal
   671 | D:1      | 671 ||| CASTING Summon Small Mammal
   672 | D:1      | 672 ||| CASTING Summon Small Mammal
   673 | D:1      | 673 ||| CASTING Summon Small Mammal
   720 | D:1      | 720 ||| CASTING Summon Small Mammal
   721 | D:1      | 721 ||| CASTING Summon Small Mammal
   722 | D:1      | 722 ||| CASTING Summon Small Mammal
   758 | D:1      | 758 ||| CASTING Summon Small Mammal
   759 | D:1      | 759 ||| CASTING Summon Small Mammal
   760 | D:1      | 760 ||| CASTING Summon Small Mammal
   761 | D:1      | 761 ||| Stepping ~*~*~tactically~*~*~ (stealth).
   781 | D:1      | 781 ||| CASTING Summon Small Mammal
   782 | D:1      | 782 ||| CASTING Summon Small Mammal
   831 | D:1      | 831 ||| CASTING Summon Small Mammal
   832 | D:1      | 832 ||| CASTING Summon Small Mammal
   834 | D:1      | 834 ||| CASTING Summon Small Mammal
   870 | D:1      | 870 ||| CASTING Summon Small Mammal
   871 | D:1      | 871 ||| CASTING Summon Small Mammal
   872 | D:1      | 872 ||| CASTING Summon Small Mammal
  1035 | D:1      | 1035 ||| CASTING Summon Small Mammal
  1036 | D:1      | 1036 ||| CASTING Summon Small Mammal
  1037 | D:1      | 1037 ||| CASTING Summon Small Mammal
  1042 | D:1      | Reached XP level 3. HP: 22/28 MP: 0/4
  1192 | D:1      | 1192 ||| CASTING Summon Small Mammal
  1277 | D:1      | 1277 ||| UPGRADING to +0 scale mail.
  1287 | D:1      | 1287 ||| DROPPING +0 robe.
  1288 | D:1      | 1288 ||| DROPPING potion of magic.
  1402 | D:2      | Noticed Jessica
  1403 | D:2      | 1403 ||| Stepping ~*~*~tactically~*~*~ (hiding).
  1413 | D:2      | Killed Jessica
  1416 | D:2      | Reached XP level 4. HP: 21/37 MP: 5/5
  1546 | D:2      | Found Homa Jema's Jewellery Emporium.
  1570 | D:2      | 1570 ||| SHOPLISTING +4 ring of protection (432 gold, have
                  | 95).
  1570 | D:2      | 1570 ||| SHOPLISTING +6 ring of strength (432 gold, have
                  | 95).
  1570 | D:2      | 1570 ||| SHOPLISTING amulet of regeneration (360 gold, have
                  | 95).
  1570 | D:2      | 1570 ||| SHOPLISTING ring of Fykhlutz {Fly rN++ Will+ Str-4
                  | Dex+2} (484 gold, have 95).
  1570 | D:2      | 1570 ||| SHOPLISTING ring of protection from fire (300
                  | gold, have 95).
  1707 | D:2      | 1707 ||| DROPPING +0 club.
  1813 | D:2      | Found a blossoming altar of Fedhas.
  1840 | D:2      | Noticed a scorpion
  1862 | D:2      | HP: 7/37 [scorpion (6)]
  1863 | D:2      | HP: 3/37 [scorpion (4)]
  1866 | D:2      | Slain by a scorpion

Levels and vault maps discovered:
D:1:      dpeg_arrival_rhombus, layout_loops_ring
D:2:      layout_loops_ring, serial_shops, shop, basic_altar, uniq_jessica

Skill      XL: |  1  2  3 |
---------------+----------+-----
Axes           | 1 2 |  2.3
Fighting       | 1 2 |  2.6
Dodging        | |  1.7
Stealth        | |  2.1
Spellcasting   | |  1.7
Summonings     | |  3.6

Action                   |  1- 3 |  4- 6 || total
-------------------------+-------+-------++-------
Melee: Hand axe          |    75 |    58 ||   133
Throw: Javelin           |     2 |     6 ||     8
 Cast: Summon Small Mamm |    37 |       ||    37
 Stab: Sleeping          |     1 |       ||     1
Armor: Robe              |    16 |       ||    16
       Scale mail        |    12 |    35 ||    47
Dodge: Dodged            |    55 |    32 ||    87

Table legend:
 A = Non-vault XP
 B = Vault XP
 C = Vault XP percentage of total XP
 D = Non-vault monster count
 E = Vault monster count
 F = Vault count percentage of total count
                 A         B        C        D         E       F
            +---------+---------+-------+---------+---------+-------
      Total |      68 |      37 |  35.2 |      39 |       1 |   2.5
            +---------+---------+-------+---------+---------+-------
        D:1 |      38 |       0 |   0.0 |      22 |       0 |   0.0
        D:2 |      30 |      37 |  55.2 |      17 |       1 |   5.6
            +---------+---------+-------+---------+---------+-------
